 Dungeon Crawl Stone Soup version 0.19.0-17-g07987d3 (webtiles) character file.

34 l0ser140 the Chucker (level 3, 0/37 HPs)
             Began as an Ogre Hunter on Nov 10, 2016.
             Slain by an adder (1 damage)
             ... on level 2 of the Dungeon.
             The game lasted 00:02:13 (1387 turns).

l0ser140 the Chucker (Ogre Hunter)                  Turns: 1387, Time: 00:02:13

Health: 0/37       AC:  3    Str: 18    XL:     3   Next: 31%
Magic:  3/3        EV: 10    Int: 10    God:
Gold:   72         SH:  0    Dex: 10    Spells: 0 memorised, 2 levels left

rFire  . . .     SeeInvis .     m - +0 club
rCold  . . .     Gourm    .     b - +0 robe
rNeg   . . .     Faith    .     (no shield)
rPois  .         Spirit   .     (helmet restricted)
rElec  .         Reflect  .     (no cloak)
rCorr  .         Harm     .     (gloves unavailable)
MR     .....                    (boots unavailable)
Stlth  ++........               (no amulet)
                                (no ring)
                                (no ring)

@: lethally poisoned (0 -> -5)
A: unfitting armour, tough skin 1
a: no special abilities


You were on level 2 of the Dungeon.
You were hungry.

You visited 1 branch of the dungeon, and saw 2 of its levels.

You collected 72 gold pieces.

Inventory:

Hand Weapons
 m - a +0 club (weapon)
Missiles
 c - 5 large rocks (quivered)
 d - 2 throwing nets
Armour
 b - a +0 robe (worn)
Scrolls
 e - a scroll of amnesia {unknown}
Potions
 a - a potion of brilliance {unknown}
 g - 2 potions of curing {unknown}
 h - a potion of agility {unknown}
 k - 3 potions of cancellation {unknown}
 p - a potion of heal wounds {unknown}
Comestibles
 f - a bread ration
 i - a beef jerky
 j - a slice of pizza
 l - 3 fruits
 o - a meat ration


   Skills:
 * Level 3.4 Fighting
 + Level 1.0 Maces & Flails
 - Level 4.0 Throwing
 + Level 2.3 Dodging
 + Level 1.3 Stealth


You had 2 spell levels left.
You didn't know any spells.

Dungeon Overview and Level Annotations

Branches:
Dungeon (2/15)

Altars:


Innate Abilities, Weirdness & Mutations

You are too large for most types of armour.
You have tough skin. (AC +1)


Message History

You hit the adder.
The adder is severely wounded.
You feel sick. The adder closely misses you. The adder bites you.
Damage: -5%(-2hp) hp: 44%(16hp)
You hit the adder but do no damage.
The adder is severely wounded.
The adder bites you.
* * * LOW HITPOINT WARNING * * *
Damage: -8%(-3hp) hp: 36%(13hp)
You closely miss the adder.
The adder is severely wounded.
You feel sick. The adder completely misses you. The adder bites you.
* * * LOW HITPOINT WARNING * * *
Damage: -6%(-2hp) hp: 30%(11hp)
You hit the adder.
The adder is almost dead.
The adder misses you.
You closely miss the adder.
The adder is almost dead.
The adder barely misses you. The adder bites you but does no damage.
You hit the adder but do no damage.
The adder is almost dead.
You feel sick. The adder barely misses you. The adder closely misses you.
Damage: -2%(-1hp) hp: 28%(10hp)
You closely miss the adder.
The adder is almost dead.
The adder closely misses you.
You barely miss the adder.
The adder is almost dead.
The adder bites you.
* * * LOW HITPOINT WARNING * * *
You are more poisoned.
The adder poisons you! The adder closely misses you.
Damage: -6%(-2hp) hp: 22%(8hp)
You closely miss the adder.
The adder is almost dead.
You feel sick. The adder bites you.
* * * LOW HITPOINT WARNING * * *
The adder bites you but does no damage.
Huge Dmg: -11%(-4hp) hp: 11%(4hp)
You hit the adder.
The adder is almost dead.
* * * LOW HITPOINT WARNING * * *
You feel sick. The adder bites you.
* * * LOW HITPOINT WARNING * * *
Huge Dmg: -8%(-3hp) hp: 3%(1hp)
You closely miss the adder.
The adder is almost dead.
The adder closely misses you. The adder bites you.
You die...

.# #.# .# #+# ###.##
.# #.# ##..... ##
#.# #....## .. ##.##
#..### #.##..[##
#..#### ......#
#......
#.S.#########.#####
#.#.##ΞΆ##.........#
#.........#########
###.####### .. ##


You could see an adder.

Vanquished Creatures
  A dart slug (D:1)
  A leopard gecko (D:1)
  A giant cockroach (D:1)
  4 goblins (D:1 D:2)
  5 hobgoblins (D:1 D:2)
  2 jackals (D:1)
  4 kobolds (D:1 D:2)
  7 bats (D:1 D:2)
  3 rats (D:1 D:2)
28 creatures vanquished.

Notes
Turn   | Place    | Note
-------+----------+-------------------------------------------
     0 | D:1      | l0ser140 the Ogre Hunter began the quest for the Orb.
     0 | D:1      | Reached XP level 1. HP: 22/22 MP: 1/1
    67 | D:1      | Reached skill level 2 in Dodging
   262 | D:1      | Reached skill level 3 in Fighting
   262 | D:1      | Reached skill level 1 in Stealth
   262 | D:1      | Reached XP level 2. HP: 31/31 MP: 2/2
   973 | D:1      | Reached XP level 3. HP: 27/37 MP: 3/3
  1146 | D:2      | Huge Dmg: 6 Dmg
  1180 | D:2      | Reached skill level 1 in Maces & Flails
  1377 | D:2      | Huge Dmg: 5 Dmg
  1386 | D:2      | Huge Dmg: 4 Dmg
  1386 | D:2      | HP: 1/37 [adder (2)]
  1387 | D:2      | Huge Dmg: 3 Dmg
  1387 | D:2      | Slain by an adder

Skill      XL: |  1  2  3 |
---------------+----------+-----
Dodging        | 2 |  2.3
Fighting       | 3 |  3.4
Stealth        | 1 |  1.3
Maces & Flails | 1 |  1.0
Throwing       | |  4.0

Action                   || total
-------------------------++-------
Melee: Short sword       ||    38
       Club              ||   106
 Stab: Sleeping          ||     4
  Eat: Chunk             ||     1
Armor: Robe              ||    37
Dodge: Dodged            ||   100

Vault maps used:
D:1:      lightli_arrival_statuegarden, hangedman_decor_growths,
          minmay_stone_trees_small
D:2:      minmay_crystal_room
